 Dungeon Crawl Stone Soup version 0.30-b1-2-g02819fbbbe (webtiles) character file.

Game seed: 11209957674746318688

134 suse60 the Cudgeller (level 5, -3/45 HPs)
             Began as a Meteoran Reaver on June 15, 2023.
             Slain by an ogre
             ... wielding a +0 giant club
              (15 damage)
             ... on level 4 of the Dungeon on June 24, 2023.
             The game lasted 00:11:14 (1645 turns).

suse60 the Cudgeller (Meteoran Reaver)              Turns: 1645, Time: 00:11:15

Health: -3/45      AC: 10    Str: 13    XL:     5   Next: 69%
Magic:  11/11      EV: 11    Int: 16    God:
Gold:   125        SH:  0    Dex: 13    Spells: 10/11 levels left

rFire   . . .        a - +0 mace (freeze)
rCold   . . .        (no shield)
rNeg    . . .        c - +1 ring mail
rPois   .            (no helmet)
rElec   .            (no cloak)
rCorr   .            (no gloves)
SInv    .            (no boots)
Will    .....        (no amulet)
Stlth   +            n - +4 ring of protection
HPRegen 0.27/turn    (no ring)
MPRegen 0.12/turn

%: no passive effects
@: glowing
A: sense surroundings 1, otherworldly, glowing, explore regen
a: no special abilities


You were on level 4 of the Dungeon.
You visited 1 branch of the dungeon, and saw 4 of its levels.

You collected 125 gold pieces.

Inventory:

Hand Weapons
 a - a +0 mace of freezing (weapon)
Armour
 c - a +1 ring mail (worn)
Jewellery
 f - an amulet of faith
 l - a ring of poison resistance
 n - a +4 ring of protection (left hand)
Scrolls
 i - a scroll of teleportation
Potions
 b - 4 potions of heal wounds {unknown}
 d - 2 potions of flight {unknown}
 e - 2 potions of mutation {unknown}
 g - a potion of might {unknown}
 j - 2 potions of curing {unknown}


   Skills:
 + Level 3.1 Fighting
 + Level 4.9 Maces & Flails
 + Level 3.5 Dodging
 + Level 3.7 Spellcasting
 + Level 4.4 Conjurations


You had 10 spell levels left.
You knew the following spells:

 Your Spells              Type           Power      Damage    Failure   Level
a - Kiss of Death         Conj/Necr      40%        2d8       16%         1

Your spell library contained the following spells:

 Spells                   Type           Power      Damage    Failure   Level
 Momentum Strike          Conj/Tloc      20%        3d8       24%         2
 Hailstorm                Conj/Ice       10%        3d5       43%         3
 Stone Arrow              Conj/Erth      20%        3d8       43%         3
 Blink                    Tloc           4%         N/A       50%         2
 Lesser Beckoning         Tloc           4%         N/A       50%         2
 Confusing Touch          Hex            2%         N/A       75%         3
 Anguish                  Hex/Necr       1%         N/A       98%         4
 Animate Armour           Summ/Erth      4%         N/A       98%         4
 Dispel Undead            Necr           2%         3d7       98%         4
 Manifold Assault         Tloc           2%         N/A       98%         4
 Summon Forest            Summ/Tloc      1%         N/A       100%        5
 Dispersal                Tloc           1%         N/A       100%        6
 Lehudib's Crystal Spear  Conj/Erth      5%         10d3      100%        8


Dungeon Overview and Level Annotations

Branches:
Dungeon (4/15) Zot: 723    Temple (0/1) D:4

Altars:
Hepliaklqana
Uskayaw


Innate Abilities, Weirdness & Mutations

You passively map a small area around you.
You are easily found by Zot.
You glow in the dark.
You regain HP and MP as you explore.


Message History

The hobgoblin is almost dead.
The hobgoblin barely misses you.
You hit the hobgoblin but do no damage.
The hobgoblin is almost dead.
The hobgoblin hits you but does no damage.
You sock the hobgoblin! You freeze the hobgoblin.
You kill the hobgoblin!
You now have 125 gold pieces (gained 11).
An ogre comes into view. It is wielding a +0 giant club.
The ogre shouts!
Found a stone staircase leading down.
You hit the ogre. You freeze the ogre.
The ogre is lightly wounded.
The ogre hits you with a +0 giant club!
A kobold comes into view. It is wielding a +0 club.
You hit the ogre. You freeze the ogre.
The ogre is lightly wounded.
The ogre barely misses you.
You barely miss the ogre.
The ogre is lightly wounded.
The ogre closely misses you.
You hit the ogre. You freeze the ogre.
The ogre is moderately wounded.
The ogre misses you.
You hit the ogre. You freeze the ogre.
The ogre is moderately wounded.
The kobold throws a stone.
The stone hits you but does no damage.
You completely miss the ogre.
The ogre is moderately wounded.
The ogre hits you with a +0 giant club!!
Ouch! That really hurt!
* * * LOW HITPOINT WARNING * * *
You closely miss the ogre.
The ogre is moderately wounded.
The kobold throws a stone.
The stone hits you but does no damage. The ogre completely misses you.
You hit the ogre. You freeze the ogre.
The ogre is heavily wounded.
The ogre hits you with a +0 giant club!
You die...

..........#.....# ,
* ,*#....<.......# *
, .##......)....##*
, , ..............#
, .........###......
,, ........##
*##.#.. ,, , , ,
........### .#*.., ,
,
,###...#...##.#.##,.
, , ##.##..@.K.....
, * #.. ##..O...###
* #. ,*#........# ,,
.., .........# , ..
,...#....... , ,
...###...... *#.##
#...## ,,.> ..## , *
, , * ,


You could see an ogre and a kobold.

Vanquished Creatures
  A hound (D:2)
  Jessica (D:3)
  3 adders
  A worm (D:2)
  2 dart slugs
  2 orcs (D:3)
  7 endoplasms
  A giant cockroach (D:3)
  5 goblins
  A hobgoblin (D:4)
  2 quokkas (D:1)
  4 ball pythons
  3 bats
  3 frilled lizards
  6 kobolds
  6 rats
48 creatures vanquished.

Notes
Turn   | Place    | Note
-------+----------+-------------------------------------------
     0 | D:1      | suse60 the Meteoran Reaver began the quest for the Orb.
     0 | D:1      | Reached XP level 1. HP: 17/17 MP: 5/5
   251 | D:1      | Reached XP level 2. HP: 24/24 MP: 6/6
   362 | D:1      | You fall into a shaft and drop 1 floor!
   390 | D:2      | Reached XP level 3. HP: 13/30 MP: 5/8
   611 | D:2      | Reached XP level 4. HP: 25/37 MP: 10/10
  1079 | D:1      | Glimpsed the power of Zot.
  1121 | D:3      | Noticed Jessica
  1128 | D:3      | Killed Jessica
  1129 | D:3      | Reached XP level 5. HP: 45/45 MP: 11/11
  1188 | D:3      | Got the Tome of the Planar Curse
  1207 | D:3      | Found a hazy altar of Hepliaklqana.
  1391 | D:3      | Found a hide-covered altar of Uskayaw.
  1634 | D:4      | Noticed an ogre
  1645 | D:4      | Slain by an ogre

Illustrated notes

Levels and vault maps discovered:
D:1:      amcnicky_arrival_double_pillar, layout_loops_corners
D:2:      layout_basic
D:3:      layout_basic, general_overflow_altar, nicolae_uskayaw_suspiria,
          minmay_misc_feat_hallway, uniq_jessica
D:4:      layout_cave_pools, makhleb_blood_cavern_becter,
          minmay_temple_entry_antechambers, serial_shops, shop_coins,
          gammafunk_ghost_icy, nrook_mini_backslash, grunt_decor_mini_mirrors

Skill      XL: |  1  2  3  4 |
---------------+-------------+-----
Spellcasting   | 3 |  3.7
Dodging        | 3 |  3.5
Conjurations   | 4 |  4.4
Fighting       | 3 |  3.1
Maces & Flails | |  4.9

Action                     |  1- 3 |  4- 6 || total
---------------------------+-------+-------++-------
  Melee: Mace              |    80 |    92 ||   172
    Use: Scroll            |       |     5 ||     5
 Armour: Ring mail         |    33 |    32 ||    65
  Dodge: Dodged            |    33 |    44 ||    77
